 Dungeon Crawl Stone Soup version 0.31.0-12-g77e489cdc1 (webtiles) character file.

Game seed: 14095132341550694191

8223 monsoonserge the Grappler (level 11, -3/88 HPs)
             Began as a Gnoll Shapeshifter on Mar 8, 2024.
             Was an Initiate of Gozag.
             Slain by a skeletal warrior
             ... wielding a +0 hand axe
              (15 damage)
             ... on level 11 of the Dungeon.
             The game lasted 00:38:44 (11598 turns).

monsoonserge the Grappler (Gnoll Shapeshifter)     Turns: 11598, Time: 00:38:44

Health: -3/88      AC: 12    Str: 23    XL:     11   Next: 27%
Magic:  29/29      EV: 12    Int:  5    God:    Gozag
Gold:   504        SH:  0    Dex: 11    Spells: 19/22 levels left

rFire   . . .        Z - melded +5 Force Lance {heavy, knockback}
rCold   . . .        (shield currently unavailable)
rNeg    + + +        l - melded +0 chain mail
rPois   +            (helmet currently unavailable)
rElec   .            W - melded +0 cloak "Asayxeul" {Rampage rN+ Slay+6}
rCorr   +            U - melded +0 pair of gloves
SInv    .            r - melded +2 pair of boots
Will    .....        (no amulet)
Stlth   +++          m - +4 ring of protection
HPRegen 0.34/turn    V - ring "Wyjawiso" {rN+++ rCorr MP+9 Int-5 Slay+5}
MPRegen 0.21/turn

%: no passive effects
@: mighty, snake-form, studying Summonings
A: constrict, large, (fangs 1), strong nose, distributed training
a: Begin Untransformation, Renounce Religion, Potion Petition, Call Merchant,
Bribe Branch


You were on level 11 of the Dungeon.
You worshipped Gozag.
Gozag was pleased with you.
You were an enormous serpent.
You visited 1 branch of the dungeon, and saw 11 of its levels.
You also visited: Sewer.

You collected 2154 gold pieces.
You spent 554 gold pieces at shops.
You paid 1096 gold pieces to Gozag.

Inventory:

Hand Weapons
 Z - the +5 Force Lance (melded) {heavy, knockback}
   (You found it on level 10 of the Dungeon)
Missiles
 a - a curare-tipped dart
 u - 6 javelins
 L - 17 poisoned darts (quivered)
 Y - 2 throwing nets
Armour
 d - a +0 buckler
 l - a +0 chain mail (melded)
 r - a +2 pair of boots (melded)
 s - a +0 ring mail
 z - a +0 plate armour
 F - a +0 scale mail
 H - a +0 leather armour
 U - a +0 pair of gloves (melded)
 W - the +0 cloak "Asayxeul" (melded) {Rampage rN+ Slay+6}
   (You bought it in a shop on level 10 of the Dungeon)

   Slay+6:    It affects your accuracy & damage with ranged weapons and melee
   (+6).
   rN+:       It protects you from negative energy.
   Rampage:   It bestows one free step when moving towards enemies.
Jewellery
 m - a +4 ring of protection (left hand)
 q - a ring of fire
 N - a +5 ring of evasion
 O - a ring of see invisible
 S - a ring of ice
 V - the ring "Wyjawiso" (right hand) {rN+++ rCorr MP+9 Int-5 Slay+5}
   (You bought it in a shop on level 10 of the Dungeon)

   [ring of magical power]

   Int-5:     It affects your intelligence (-5).
   Slay+5:    It affects your accuracy & damage with ranged weapons and melee
   (+5).
   rN+++:     It renders you almost immune to negative energy.
   MP+9:      It affects your magic capacity (+9).
   rCorr:     It protects you from acid and corrosion.
Talismans
 w - a blade talisman
 B - a maw talisman
 M - a serpent talisman (active)
Wands
 c - a wand of mindburst (4)
 y - a wand of roots (24)
 I - a wand of digging (4)
 Q - a wand of acid (4)
Scrolls
 f - 6 scrolls of enchant weapon
 i - a scroll of enchant armour
 j - 3 scrolls of fog
 k - 3 scrolls of revelation {unknown}
 o - 5 scrolls of teleportation
 p - 2 scrolls of blinking
 t - 2 scrolls of poison
 A - 2 scrolls of torment
 E - 2 scrolls of fear
 G - a scroll of brand weapon
 J - 2 scrolls of immolation
Potions
 b - 5 potions of lignification
 e - a potion of berserk rage {unknown}
 g - 2 potions of haste
 h - a potion of cancellation
 n - 3 potions of enlightenment
 v - 5 potions of curing {unknown}
 C - a potion of magic {unknown}
 D - 2 potions of brilliance
 P - 3 potions of ambrosia
 T - a potion of heal wounds
 X - a potion of attraction {unknown}


   Skills:
 + Level 6.9 Fighting
 + Level 6.3 Short Blades
 + Level 6.3 Long Blades
 + Level 6.3 Axes
 + Level 6.3 Maces & Flails
 + Level 6.3 Polearms
 + Level 6.3 Staves
 + Level 6.3 Ranged Weapons
 + Level 6.3 Throwing
 + Level 6.3 Armour
 + Level 7.9 Dodging
 + Level 6.3 Stealth
 + Level 6.3 Shields
 + Level 9.2 Unarmed Combat
 + Level 6.3 Spellcasting
 + Level 5.2 Conjurations
 + Level 5.2 Hexes
 + Level 6.6 Summonings
 + Level 5.2 Necromancy
 + Level 5.2 Translocations
 + Level 5.2 Fire Magic
 + Level 5.2 Ice Magic
 + Level 5.2 Air Magic
 + Level 5.2 Earth Magic
 + Level 5.2 Alchemy
 + Level 7.0 Invocations
 + Level 6.3 Evocations
 + Level 8.8 Shapeshifting


You had 19 spell levels left.
You knew the following spells:

 Your Spells              Type           Power      Damage    Failure   Level
a - Swiftness             Air            6%         N/A       10%         3

Your spell library contained the following spells:

 Spells                   Type           Power      Damage    Failure   Level
 Kiss of Death            Conj/Necr      24%        2d7       3%          1
 Ensorcelled Hibernation  Hex/Ice        12%        N/A       4%          2
 Confusing Touch          Hex            6%         N/A       10%         3
 Ozocubu's Armour         Ice            6%         N/A       10%         3
 Passwall                 Erth           6%         N/A       10%         3
 Dispel Undead            Necr           6%         3d8       32%         4
 Metabolic Englaciation   Hex/Ice        3%         N/A       65%         5
 Sculpt Simulacrum        Ice/Alch       3%         N/A       99%         6


Dungeon Overview and Level Annotations

Branches:
Dungeon (11/15)            Temple (0/1) D:4            Lair (0/5) D:10
  Sewer (visited)
    Orc: D:9-12

Altars:
Ashenzari
Cheibriados
Fedhas
Gozag
Makhleb
Nemelex Xobeh
Ru
Sif Muna
Wu Jian
Yredelemnul
Zin
The Shining One

Shops:
D:1 [   D:3 =   D:9 *   D:10 *


Innate Abilities, Weirdness & Mutations

You are an enormous serpent.
You have a powerful constriction melee attack.
Your armour is entirely melded.
You are incapable of wielding weapons or throwing items.
((You have very sharp teeth.))
Your uncanny sense of smell can sniff out nearby items.
Your experience applies equally to all skills.


Message History

The centaur wields a +0 orcbow.
The centaur shoots an arrow.
The arrow closely misses you.
Found a blossoming altar of Fedhas.
The centaur shoots an arrow.
The arrow hits you!
Found 12 gold pieces.
The centaur shoots an arrow.
The arrow hits you but does no damage.
Something hits the bush but does no damage.
Something kicks the bush but does no damage.
Something hits the bush but does no damage.
Something kicks the bush but does no damage.
Something hits the bush.
Something kicks the bush.
Something hits the bush but does no damage.
Something kicks the bush but does no damage.
You now have 504 gold pieces (gained 12).
There are no items here.
A skeletal warrior comes into view.
It is wielding a +1 dire flail of protection.
Found a wand of mindburst (9). 2 skeletal warriors come into view.
A skeletal warrior comes into view. It is wielding a +0 long sword.
You open the door.
Found a potion of degeneration.
The skeletal warrior hits you with a +0 hand axe!
The skeletal warrior hits you with a +1 dire flail of protection!!
There is an open door, spattered with blood here.
The skeletal warrior attacks as it pursues you!
The skeletal warrior hits you with a +0 hand axe!
You body-slam the skeletal warrior!!
You grab the skeletal warrior.
The skeletal warrior is heavily damaged.
You constrict the skeletal warrior, but do no damage.
The skeletal warrior struggles to escape constriction.
You feel very mighty all of a sudden.
You constrict the skeletal warrior, but do no damage.
The skeletal warrior hits you with a +0 hand axe!!
* * * LOW HITPOINT WARNING * * *
You lash the skeletal warrior!
The skeletal warrior is severely damaged.
You constrict the skeletal warrior.
The skeletal warrior hits you with a +0 hand axe!
You die...
Your body crumbles into a pile of gold.

.....#
∆.......#
.......#
......#
∆../...#
######.....#
#....#z....#
#.!..zz....#
#...S#.....#
######.....#
#.....#
#.....#
#.....#
#.....#
#.....# #
#.....# PP
#.....#


You could see 3 skeletal warriors.

Vanquished Creatures
  A two-headed ogre (D:8)
  A kobold demonologist (D:11)
  An unseen horror (D:10)
  A troll (D:10)
  A wraith (D:7)
  A vampire (D:10)
  13 yaks
  2 steam dragons (D:10)
  2 vampire mosquitoes (D:10)
  An acid dragon (D:7)
  3 orc warriors
  3 black bears
  An ice beast (D:7)
  4 sky beasts
  2 centaurs (D:9)
  An ogre (D:7)
  2 phantoms (D:4)
  3 kobold brigands
  3 bullfrogs
  A gnoll sergeant (D:10)
  A brain worm (Sewer)
  5 wights (D:8)
  14 killer bees
  An electric eel (D:8)
  5 howler monkeys
  2 bombardier beetles
  4 crimson imps (D:9)
  4 hounds
  2 gnoll boudas (D:6)
  A jelly (D:4)
  An orc priest (D:8)
  5 iguanas
  9 orc wizards
  10 gnolls
  2 river rats (Sewer)
  5 adders
  4 white imps
  4 dart slugs
  5 ribbon worms
  21 orcs
  12 ball pythons
  10 endoplasms
  4 giant cockroaches
  5 goblins
  2 hobgoblins
  5 jackals
  14 kobolds
  4 quokkas
  13 bats
  6 frilled lizards
  8 rats
235 creatures vanquished.

Notes
Turn   | Place    | Note
-------+----------+-------------------------------------------
     0 | D:1      | monsoonserge the Gnoll Shapeshifter began the quest for the
                  | Orb.
     0 | D:1      | Reached XP level 1. HP: 17/17 MP: 1/1
   168 | D:1      | Reached XP level 2. HP: 23/23 MP: 2/2
   228 | D:1      | Found a faded altar of an unknown god.
   234 | D:1      | Prayed at the altar of an unknown god.
   234 | D:1      | Became a worshipper of Gozag Ym Sagoz the Greedy
   374 | D:1      | Found Lowulom's Antique Armour Shoppe.
   423 | D:1      | Reached XP level 3. HP: 28/28 MP: 3/3
  1216 | D:2      | Reached skill level 1 in Invocations
  1552 | D:2      | Reached skill level 1 in Short Blades
  1552 | D:2      | Reached skill level 1 in Long Blades
  1552 | D:2      | Reached skill level 1 in Axes
  1552 | D:2      | Reached skill level 1 in Maces & Flails
  1552 | D:2      | Reached skill level 1 in Polearms
  1552 | D:2      | Reached skill level 1 in Staves
  1552 | D:2      | Reached skill level 1 in Ranged Weapons
  1552 | D:2      | Reached skill level 1 in Throwing
  1552 | D:2      | Reached skill level 1 in Armour
  1552 | D:2      | Reached skill level 1 in Stealth
  1552 | D:2      | Reached skill level 1 in Shields
  1552 | D:2      | Reached skill level 1 in Spellcasting
  1552 | D:2      | Reached skill level 1 in Evocations
  1591 | D:3      | Found Buneak's Jewellery Emporium.
  1769 | D:3      | Reached XP level 4. HP: 34/34 MP: 5/5
  1856 | D:3      | Reached skill level 1 in Conjurations
  1856 | D:3      | Reached skill level 1 in Hexes
  1856 | D:3      | Reached skill level 1 in Summonings
  1856 | D:3      | Reached skill level 1 in Necromancy
  1856 | D:3      | Reached skill level 1 in Translocations
  1856 | D:3      | Reached skill level 1 in Fire Magic
  1856 | D:3      | Reached skill level 1 in Ice Magic
  1856 | D:3      | Reached skill level 1 in Air Magic
  1856 | D:3      | Reached skill level 1 in Earth Magic
  1856 | D:3      | Reached skill level 1 in Alchemy
  2670 | D:4      | Found a blossoming altar of Fedhas.
  2725 | D:4      | Noticed a phantom
  2737 | D:4      | Killed a phantom
  2738 | D:4      | Reached XP level 5. HP: 29/41 MP: 7/7
  2788 | D:4      | Reached XP level 6. HP: 45/47 MP: 8/8
  2793 | D:4      | Found a staircase to the Ecumenical Temple.
  2952 | D:4      | Reached skill level 5 in Dodging
  3294 | D:4      | Noticed a black bear
  3305 | D:4      | Killed a black bear
  3306 | D:4      | Reached skill level 7 in Unarmed Combat
  3306 | D:4      | Reached XP level 7. HP: 51/52 MP: 10/10
  3794 | D:5      | Entered Level 5 of the Dungeon
  4235 | D:5      | Found a glowing drain.
  4270 | Sewer    | Entered a sewer
  4609 | Sewer    | Reached XP level 8. HP: 41/60 MP: 7/12
  5738 | D:6      | Found a snail-covered altar of Cheibriados.
  5738 | D:6      | Found a basalt altar of Yredelemnul.
  5738 | D:6      | Found a glowing silver altar of Zin.
  5738 | D:6      | Found a glowing golden altar of the Shining One.
  5744 | D:6      | Found a sparkling altar of Nemelex Xobeh.
  5744 | D:6      | Found a shimmering blue altar of Sif Muna.
  6387 | D:7      | Reached XP level 9. HP: 42/66 MP: 14/14
  6431 | D:7      | Reached skill level 5 in Fighting
  6710 | D:7      | Found a sacrificial altar of Ru.
  6728 | D:7      | Reached skill level 8 in Unarmed Combat
  6877 | D:7      | Reached skill level 5 in Invocations
  7907 | D:8      | Reached skill level 5 in Short Blades
  7907 | D:8      | Reached skill level 5 in Long Blades
  7907 | D:8      | Reached skill level 5 in Axes
  7907 | D:8      | Reached skill level 5 in Maces & Flails
  7907 | D:8      | Reached skill level 5 in Polearms
  7907 | D:8      | Reached skill level 5 in Staves
  7907 | D:8      | Reached skill level 5 in Ranged Weapons
  7907 | D:8      | Reached skill level 5 in Throwing
  7907 | D:8      | Reached skill level 5 in Armour
  7907 | D:8      | Reached skill level 5 in Stealth
  7907 | D:8      | Reached skill level 5 in Shields
  7907 | D:8      | Reached skill level 5 in Spellcasting
  7907 | D:8      | Reached skill level 5 in Evocations
  7907 | D:8      | Reached XP level 10. HP: 55/71 MP: 17/17
  8152 | D:8      | Noticed a two-headed ogre
  8170 | D:8      | Killed a two-headed ogre
  8171 | D:8      | Reached skill level 5 in Summonings
  8403 | D:8      | You fall into a shaft and drop 1 floor!
  8764 | D:9      | Found a broken altar of Ashenzari.
  8764 | D:9      | Found a burning altar of Makhleb.
  9065 | D:9      | Found Meahyramp's Assorted Antiques.
  9455 | D:10     | Entered Level 10 of the Dungeon
  9537 | D:10     | Found a staircase to the Lair.
  9558 | D:10     | Bought a coiled ivory ring for 180 gold pieces
  9558 | D:10     | Identified the ring "Wyjawiso" {rN+++ rCorr MP+9 Int-5
                  | Slay+5} (You bought it in a shop on level 10 of the
                  | Dungeon)
  9560 | D:10     | Bought a faintly glowing cloak for 342 gold pieces
  9560 | D:10     | Identified the +0 cloak "Asayxeul" {Rampage rN+ Slay+6}
                  | (You bought it in a shop on level 10 of the Dungeon)
  9909 | D:10     | Found an ornate altar of the Wu Jian Council.
 10142 | D:10     | Killed an unseen horror
 10143 | D:10     | Reached skill level 9 in Unarmed Combat
 10144 | D:10     | Reached skill level 5 in Conjurations
 10144 | D:10     | Reached skill level 5 in Hexes
 10144 | D:10     | Reached skill level 5 in Necromancy
 10144 | D:10     | Reached skill level 5 in Translocations
 10144 | D:10     | Reached skill level 5 in Fire Magic
 10144 | D:10     | Reached skill level 5 in Ice Magic
 10144 | D:10     | Reached skill level 5 in Air Magic
 10144 | D:10     | Reached skill level 5 in Earth Magic
 10144 | D:10     | Reached skill level 5 in Alchemy
 10144 | D:10     | Reached XP level 11. HP: 37/83 MP: 20/20
 10513 | D:10     | Found the +5 Force Lance {heavy, knockback}
 11112 | D:10     | Bought a murky inky potion for 32 gold pieces
 11333 | D:11     | Learned a level 3 spell: Swiftness
 11578 | D:11     | Found a blossoming altar of Fedhas.
 11589 | D:11     | Noticed a skeletal warrior
 11590 | D:11     | Noticed a skeletal warrior
 11590 | D:11     | Noticed a skeletal warrior
 11591 | D:11     | Noticed a skeletal warrior
 11598 | D:11     | Slain by a skeletal warrior

Illustrated notes

Levels and vault maps discovered:
D:1:      matt_arrival_spirals, layout_loops_ring, serial_shops,
          nicolae_shop_tiny_statue_garden,
          dreamdust_ecumenical_altar_angels_and_demons
D:2:      layout_loops_ring
D:3:      layout_loops_corners, serial_shops, shop
D:4:      layout_basic, mainiacjoe_overflow_tiny_flanked, temple_pool_b
D:5:      layout_rooms, cheibrodos_sewer_entry_bend
D:6:      layout_loops_ring, minmay_overflow_temple_hex,
          hangedman_abyss_or_decor_lesser_grid, kennysheep_dice
D:7:      layout_loops_cross, mainiacjoe_overflow_alcove_1, minmay_manual_mail
D:8:      layout_cave_pods, nrook_pool_corridor
D:9:      layout_roguey, gammafunk_temple_overflow_pools, serial_shops,
          nicolae_shop_behind_doors, amcnicky_mini_corridor_feature,
          grunt_ministairs_2, minmay_fire_ice_demons
D:10:     layout_basic, mainiacjoe_overflow_boulevard, lair_entry_dummy
D:11:     layout_gridville, david_orc_3, portal_ice_cave_demonic_guard,
          fedhas_bush_and_centaur_altar

Skill      XL: |  1  2  3  4  5  6  7  8  9 10 11 |
---------------+----------------------------------+-----
Invocations    | 1 2 3 4 5 6 7 |  7.0
Short Blades   | 1 2 3 5 6 |  6.3
Long Blades    | 1 2 3 5 6 |  6.3
Axes           | 1 2 3 5 6 |  6.3
Maces & Flails | 1 2 3 5 6 |  6.3
Polearms       | 1 2 3 5 6 |  6.3
Staves         | 1 2 3 5 6 |  6.3
Ranged Weapons | 1 2 3 5 6 |  6.3
Throwing       | 1 2 3 5 6 |  6.3
Armour         | 1 2 3 5 6 |  6.3
Stealth        | 1 2 3 5 6 |  6.3
Shields        | 1 2 3 5 6 |  6.3
Spellcasting   | 1 2 3 5 6 |  6.3
Evocations     | 1 2 3 5 6 |  6.3
Conjurations   | 1 2 3 4 5 |  5.2
Hexes          | 1 2 3 4 5 |  5.2
Summonings     | 1 2 3 4 6 |  6.6
Necromancy     | 1 2 3 4 5 |  5.2
Translocations | 1 2 3 4 5 |  5.2
Fire Magic     | 1 2 3 4 5 |  5.2
Ice Magic      | 1 2 3 4 5 |  5.2
Air Magic      | 1 2 3 4 5 |  5.2
Earth Magic    | 1 2 3 4 5 |  5.2
Alchemy        | 1 2 3 4 5 |  5.2
Fighting       | 3 4 5 6 |  6.9
Dodging        | 5 6 7 |  7.9
Unarmed Combat | 7 8 9 |  9.2
Shapeshifting  | 7 8 |  8.8

Action                     |  1- 3 |  4- 6 |  7- 9 | 10-12 || total
---------------------------+-------+-------+-------+-------++-------
  Melee: Unarmed           |    76 |    92 |   395 |   234 ||   797
         Bite              |     4 |    10 |    43 |    19 ||    76
         Punch             |     1 |       |       |       ||     1
         Constrict         |       |       |       |    19 ||    19
 Invoke: Potion Petition   |       |       |       |     1 ||     1
         Call Merchant     |       |       |       |     1 ||     1
  Evoke: Wand              |       |       |     1 |       ||     1
    Use: Scroll            |       |       |    10 |     7 ||    17
         Potion            |       |       |     2 |     1 ||     3
   Stab: Sleeping          |     4 |       |     2 |     1 ||     7
         Distracted        |       |       |       |     1 ||     1
 Armour: Animal skin       |    17 |       |       |       ||    17
         Chain mail        |    10 |    21 |       |       ||    31
         Skin              |       |    22 |   160 |   156 ||   338
  Dodge: Dodged            |    41 |    46 |   356 |   212 ||   655
   Form: Flux              |     2 |     2 |     2 |       ||     6
         Beast             |     2 |     1 |     2 |       ||     5
         Blade             |       |       |       |     2 ||     2
         Serpent           |       |       |       |     2 ||     2
         Maw               |       |       |       |     2 ||     2
